 Dungeon Crawl Stone Soup version 0.28.0-53-g5a82cb258f (webtiles) character file.

Game seed: 8593971702596919454

13 funkygono the Covered (level 2, 0/27 HPs)
             Began as a Minotaur Fighter on June 29, 2022.
             Slain by Terence
             ... wielding a +0 flail
              (4 damage)
             ... on level 2 of the Dungeon.
             The game lasted 00:01:09 (962 turns).

funkygono the Covered (Minotaur Fighter)             Turns: 962, Time: 00:01:09

Health: 0/27       AC:  8    Str: 20    XL:     2   Next: 24%
Magic:  0/1        EV:  9    Int:  5    God:
Gold:   58         SH:  4    Dex:  9    Spells: 1/1 levels left

rFire   . . .      SeeInvis .   a - +0 long sword
rCold   . . .      Faith    .   c - +0 buckler
rNeg    . . .      Spirit   +   b - +0 scale mail
rPois   .          Reflect  .   (helmet restricted)
rElec   .          Harm     .   g - +0 cloak
rCorr   .          Rampage  .   (no gloves)
Will    .....                   (no boots)
Stlth   ..........              f - amulet of guardian spirit
HPRegen 0.09/turn               (no ring)
MPRegen 0.07/turn               (no ring)

@: no status effects
A: horns 2, retaliatory headbutt
a: no special abilities


You were on level 2 of the Dungeon.
You visited 1 branch of the dungeon, and saw 2 of its levels.

You collected 58 gold pieces.

Inventory:

Hand Weapons
 a - a +0 long sword (weapon)
Armour
 b - a +0 scale mail (worn)
 c - a +0 buckler (worn)
 g - a +0 cloak (worn)
Jewellery
 f - an amulet of guardian spirit (around neck)
Scrolls
 j - a scroll of identify
Potions
 d - a potion of might
 e - a potion of resistance
 i - a potion of brilliance
 k - a potion of berserk rage


   Skills:
 + Level 3.8 Fighting
 + Level 2.7 Long Blades
 + Level 4.0 Armour
 + Level 3.7 Shields


You had one spell level left.
You didn't know any spells.
Your spell library was empty.

Dungeon Overview and Level Annotations

Branches:
Dungeon (2/15)

Altars:

Annotations:
D:2 Terence


Innate Abilities, Weirdness & Mutations

You have a pair of horns on your head.
You reflexively headbutt those who attack you in melee.


Message History

The goblin shoots a stone.
The stone barely misses you.
The goblin unwields a +0 hunting sling.
The goblin wields a +0 club.
The goblin closely misses you.
You slash the goblin!
You kill the goblin!
Your Armour skill increases to level 4!
Things that are here:
a +0 club; a +0 hunting sling; 14 stones A rat comes into view.
Found a stone staircase leading up.
The rat bites you but does no damage.
You barely miss the rat. You block the rat's attack.
You hit the rat.
You kill the rat!
There is a stone staircase leading up here.
There is a stone staircase leading up here.
As you open the door, it creaks loudly!
There is an open door here.
Terence the Incautious comes into view.
He is wielding a +0 flail.
Terence shouts!
Found 10 gold pieces.
Terence barely misses you.
You closely miss Terence. You block Terence's attack.
Terence closely misses you.
You hit Terence. Your headbutt misses Terence.
Terence is lightly wounded.
Terence hits you with a +0 flail!
You closely miss Terence.
Terence is lightly wounded.
Terence hits you with a +0 flail!
* * * LOW HITPOINT WARNING * * *
An endoplasm comes into view.
You hit Terence but do no damage. You headbutt Terence, but do no damage.
Terence is lightly wounded.
Terence hits you but does no damage.
You hit Terence but do no damage.
Terence is lightly wounded.
Terence hits you with a +0 flail.
* * * LOW HITPOINT WARNING * * *
Terence hits you with a +0 flail.
You die...

.##.##.###.##.....
.##.##............
.##.##<###.#.[#####
..........)#..# ..#
##.....#.###..#.#.#
######.#......#.#.#
.......##.......#.#####.
#########...#.###$......
########...+...@@J..#
##..........########.#
#.........###
#.........# #.###<###.#
#.# #.###.# #'###.....#
....####### ....#


You could see Terence and an endoplasm.

Vanquished Creatures
  A ball python (D:2)
  An endoplasm (D:1)
  2 giant cockroaches
  A quokka (D:1)
  3 goblins
  A kobold (D:2)
  3 rats
12 creatures vanquished.

Notes
Turn   | Place    | Note
-------+----------+-------------------------------------------
     0 | D:1      | funkygono the Minotaur Fighter began the quest for the Orb.
     0 | D:1      | Reached XP level 1. HP: 19/19 MP: 0/0
    60 | D:1      | Found a faded altar of an unknown god.
   870 | D:2      | Reached XP level 2. HP: 27/27 MP: 1/1
   878 | D:2      | Reached skill level 4 in Armour
   954 | D:2      | Noticed Terence
   962 | D:2      | Slain by Terence

Illustrated notes

Levels and vault maps discovered:
D:1:      lightli_arrival_lavapool, layout_loops_ring,
          dreamdust_ecumenical_altar_hidden_monk_grotto
D:2:      layout_basic, uniq_natasha, uniq_terence, uniq_robin

Skill      XL: |  1  2 |
---------------+-------+-----
Armour         | 4 |  4.0
Fighting       | |  3.8
Long Blades    | |  2.7
Shields        | |  3.7

Action                   || total
-------------------------++-------
Melee: Long sword        ||    28
       Headbutt          ||     2
  Use: Scroll            ||     4
Armor: Scale mail        ||    15
Dodge: Dodged            ||    14
Block: Buckler           ||     4
